 Dungeon Crawl Stone Soup version 0.19-a0-1637-gfc13266 (webtiles) character file.

82649 4thArraOfDagon the Brawler (level 15, 0/109 HPs)
             Began as a Troll Warper on Sept 19, 2016.
             Was the Champion of Ashenzari.
             Slain by an Executioner (5 damage)
             ... on level 2 of the Abyss.
             The game lasted 00:59:11 (12039 turns).

4thArraOfDagon the Brawler (Troll Warper)          Turns: 12039, Time: 00:59:11

Health: 0/109      AC: 11    Str: 29      XL:     15   Next: 30%
Magic:  23/23      EV: 25    Int: 13 (14) God:    Ashenzari [******]
Gold:   1233       SH: 13    Dex: 13 (14) Spells: 6 memorised, 13 levels left

rFire  . . .     SeeInvis +       - Unarmed
rCold  + . .     Gourm    +     B - +2 robe of Vines {NoDeviceHeal Regen+7} (curse)
rNeg   + . .     Faith    +     v - +0 shield (curse)
rPois  .         Spirit   .     P - +1 hat (curse)
rElec  .         Dismiss  .     (no cloak)
rCorr  .         Reflect  .     (gloves unavailable)
MR     +....     Harm     .     (boots unavailable)
Stlth  ++........ Clarity  +    c - amulet "Rehaib" {Faith rF- rC+ rN+ Str+3} (curse)
                                q - +3 ring of protection
                                Y - +4 ring of evasion

@: mighty, agile, about to teleport
A: unfitting armour, claws 3, horns 2, blurry vision 1, deterioration 1, fire
resistance 1, fast metabolism 3, frail 2, gourmand, mutation resistance 1,
regeneration 1, shaggy fur 1, tough skin 2, weak 1, sturdy frame 1
a: Curse Item, Scrying, Transfer Knowledge, Renounce Religion


You were on level 2 of the Abyss.
You worshipped Ashenzari.
Ashenzari was exalted by your worship.
You were very full.

You visited 4 branches of the dungeon, and saw 26 of its levels.
You visited the Abyss 1 time.
You also visited: Ice Cave.

You collected 2236 gold pieces.
You spent 1003 gold pieces at shops.

Inventory:

Hand Weapons
 F - a +1 blowgun
 U - the +4 flail of Godycs {freeze, *Rage rF+ rN++ Int+2}
   (You found it on level 3 of the Lair of Beasts)

   It has been specially enchanted to freeze those struck by it, causing extra
   injury to most foes and up to half again as much damage against particularly
   susceptible opponents.
   It can also slow down cold-blooded creatures.
   It affects your intelligence (+2).
   It protects you from fire.
   It greatly protects you from negative energy.
   It may make you go berserk in combat.
Missiles
 d - 2 tomahawks of dispersal
 i - 24 large rocks
 D - 3 throwing nets (quivered)
Armour
 v - a cursed +0 shield (worn)
 B - the cursed +2 robe of Vines (worn) {NoDeviceHeal Regen+7}
   (You bought it in a shop on level 2 of the Orcish Mines)

   It increases your rate of regeneration.
   It has a curse placed upon it.
 P - a cursed +1 hat (worn)
Magical Staves
 N - an uncursed staff of energy {!a}
Jewellery
 c - the cursed amulet "Rehaib" (around neck) {Faith rF- rC+ rN+ Str+3}
   (You acquired it on level 5 of the Lair of Beasts)

   [amulet of faith]

   It allows you to gain divine favour quickly.
   It affects your strength (+3).
   It makes you vulnerable to fire.
   It protects you from cold.
   It protects you from negative energy.
   It has a curse placed upon it.
 k - an uncursed ring of protection from cold
 m - an uncursed ring of resist corrosion
 q - a +3 ring of protection (right claw)
 Y - a +4 ring of evasion (left claw)
Wands
 n - a wand of iceblast (9/15)
 y - a wand of iceblast (10/15)
 E - a wand of teleportation (5/9)
 G - a wand of disintegration (6/24)
 H - a wand of teleportation (0/9)
 I - a wand of teleportation (5/9)
 K - a wand of iceblast (10/15)
 S - a wand of acid (3/15)
 W - a wand of acid (8/15)
 X - a wand of paralysis (16/24)
Scrolls
 a - 2 scrolls of torment
 e - 4 scrolls of amnesia
 j - 4 scrolls of teleportation
 l - 2 scrolls of recharging
 p - 2 scrolls of magic mapping
 r - 7 scrolls of remove curse
 u - 2 scrolls of enchant armour
 A - 4 scrolls of fear
 C - a scroll of immolation
Potions
 b - a potion of invisibility {unknown}
 o - 3 potions of curing
 s - a potion of heal wounds
 w - 2 potions of magic
 x - a potion of resistance
 z - a potion of brilliance
 M - a potion of lignification
 O - a potion of haste
 R - a potion of cure mutation
 T - 4 potions of flight
 V - 2 potions of degeneration
 Z - 2 potions of ambrosia
Comestibles
 f - 14 bread rations
 g - a beef jerky
 h - 11 meat rations


   Skills:
 - Level 6.4 Fighting
 - Level 0.8 Throwing
 + Level 8.5(11.4) Dodging
 - Level 9.0(11.9) Shields
 - Level 16.4 Unarmed Combat
 + Level 6.2 Spellcasting
 - Level 2.1 Translocations
 * Level 6.1 Transmutations
 * Level 7.6 Earth Magic


You had 13 spell levels left.
You knew the following spells:

 Your Spells              Type           Power        Failure   Level  Hunger
a - Apportation           Tloc           #.........   10%         1    None
b - Blink                 Tloc           N/A          12%         2    #......
c - Repel Missiles        Chrm/Air       #.....       24%         2    #......
d - Swiftness             Chrm/Air       #.......     24%         2    #......
e - Passage of Golubria   Tloc           N/A          75%         4    ####...
f - Passwall              Tmut/Erth      ###.......   1%          2    #......


Dungeon Overview and Level Annotations

Branches:
Dungeon (15/15)            Temple (0/1) D:7            Lair (6/6) D:11
 Shoals (0/4) Lair:4        Slime (0/5) Lair:5          Orc (2/2) D:10
    Elf (3/3) Orc:2        Vaults (0/5) D:13
  Snake: Lair:2-4    Spider: Lair:2-4    Depths: D:15

Altars:
Ashenzari
Fedhas
Gozag
Hepliaklqana
Kikubaaqudgha
Makhleb
Nemelex Xobeh
Ru
Sif Muna
Vehumet
Jiyva

Shops:
Orc:2 [(([   Elf:3 }

Annotations:
D:13 4thArraOfDagon's ghost, novice TrWr


Innate Abilities, Weirdness & Mutations

You are too large for most types of armour.
You have claws for hands.
Your metabolism is lightning-fast.
You like to eat raw meat.
Your natural rate of healing is unusually fast.
You are covered in fur. (AC +1)
You have very tough skin. (AC +2)
You have a pair of horns on your head.
Scrolls take you a little longer to read.
Your body sometimes deteriorates upon taking damage.
Your flesh is heat resistant. (rF+)
You are somewhat resistant to further mutation.
You are weak. (Str -2)
Your movements are slightly less encumbered by armour. (ER -2)
[You are very frail. (-20% HP)]


Message History

The Executioner misses you. The Executioner closely misses you. x2
You block the Executioner's attack.
The Executioner gestures.
Unknown command.
Unknown command.
Unknown command.
Unknown command.
Okay, then.
Unknown command.
Casting: Repel Missiles
Confirm with . or Enter, or press ? or * to list all spells.
Okay, then.
Unknown command.
You claw the Executioner! Your headbutt misses the Executioner.
The Executioner is heavily wounded.
The Executioner hits you!!
* * * LOW HITPOINT WARNING * * *
Your body deteriorates!
You feel clumsy. The Executioner hits you.
You die...

* , * *,####.#..# *
*# ,, , * , * #
#.#... .# + ,, *
,,,#.....#....##.#*
,, ** , *#..##...
.,{..#*, , , * , ,
,..#.....##.####
,,, * ,
,#.1.#....## .#, ,
, * * *,**
,#..#......#### * *
, #.#.#.##1.# ,* *
** ,* # ,.#..@# * *
,*, , ,* ...X§..#.#
*,, , *, .
####..#.#* *, , , *
,* , ,, ,,#...#. *
* ,,,,,,,, * , *, *
##.. .# * , ,* **
*** * ,##.*.. * ,,*
, , ,,#. ...** , ,
, *,* ,, , #. .#.*
* , * , , ,*,, *,
,*,,,


You could see a starcursed mass and an Executioner.

Vanquished Creatures
  A deep elf sorcerer (Elf:3)
  A deep elf elementalist (Elf:3)
  Nessos (Lair:5)
  A fire dragon (Lair:6)
  Josephine (Lair:5)
  3 vault guards
  Harold (Orc:1)
  A catoblepas (D:14)
  Erica (D:11)
  9 dancing weapons
  4 death yaks (Lair:4)
  6 deep elf knights (Elf:3)
  3 unseen horrors
  6 deep elf archers
  5 hill giants
  4 orc knights (Orc:2)
  2 lindwurms (Lair:6)
  14 deep elf magi
  4 ugly things
  A hornet (Lair:6)
  4 orc sorcerers
  A wolf spider (Lair:6)
  2 manticores (D:14)
  A centaur zombie (D:12)
  3 cyclopes
  Joseph (D:7)
  3 elephants (Lair:5)
  6 torpor snails (Lair:6)
  8 black mambas
  A guardian serpent (Lair:6)
  2 gargoyles (D:14)
  8 spiny frogs
  4 komodo dragons
  7 trolls
  A meliai (D:14)
  2 tengu conjurers
  3 tyrant leeches (Lair:6)
  22 blink frogs
  A two-headed ogre (shapeshifter) (D:14)
  9 hippogriffs
  A slime creature (D:12)
  2 shadows
  A spriggan (D:7)
  An air elemental (Elf:2)
  2 water elementals
  40 yaks
  3 wraiths (Lair:5)
  8 wyverns
  Grum (D:11)
  A fire elemental (Elf:3)
  3 vampire mosquitoes (D:14)
  4 wargs
  13 water moccasins
  Duvessa (D:7)
  3 porcupines
  A sky beast (D:7)
  10 ice beasts
  10 wasps
  24 orc warriors
  3 black bears
  5 phantoms
  7 ogres
  2 wolves (D:11)
  12 centaurs
  11 crocodiles
  5 big kobolds
  11 bullfrogs
  A gnoll sergeant (D:10)
  Dowan (D:7)
  A wyvern skeleton (D:14)
  A scorpion (D:7)
  4 wights (D:11)
  5 killer bees
  3 howler monkeys (D:7)
  An electric eel (Elf:3)
  5 crimson imps
  2 quasits
  2 bullfrog zombies
  3 jellies
  2 hounds
  14 orc priests
  A bullfrog skeleton (D:10)
  4 centaur skeletons
  4 iguanas
  19 orc wizards
  9 worker ants
  A hound zombie (D:7)
  A hound skeleton (D:5)
  7 gnolls
  A howler monkey skeleton (D:5)
  10 adders
  21 river rats
  2 shadow imps
  An ooze (D:1)
  An adder zombie (D:7)
  4 dart slugs
  5 leopard geckos
  52 orcs
  A ball python (D:5)
  3 bats
  3 giant cockroaches
  7 goblins
  4 hobgoblins
  2 jackals (D:3)
  5 quokkas
  4 frilled lizards
  A jackal zombie (D:5)
  29 kobolds
  7 rats
  3 plants (Lair:6)
600 creatures vanquished.

Vanquished Creatures (others)
  A gnoll (D:10)
  An orc (D:11)
  10 fungi
  41 plants
53 creatures vanquished.

Grand Total: 653 creatures vanquished

Notes
Turn   | Place    | Note
-------+----------+-------------------------------------------
     0 | D:1      | 4thArraOfDagon the Troll Warper began the quest for the Orb.
     0 | D:1      | Reached XP level 1. HP: 19/19 MP: 1/1
   233 | D:1      | Reached XP level 2. HP: 27/27 MP: 2/2
   270 | D:1      | Reached skill level 3 in Unarmed Combat
   500 | D:2      | Reached XP level 3. HP: 33/33 MP: 3/3
   541 | D:2      | Found a faded altar of an unknown god.
   549 | D:2      | Became a worshipper of Ashenzari the Shackled
   549 | D:2      | Reached * piety under Ashenzari
   618 | D:2      | You fall through a shaft!
   636 | D:3      | Reached skill level 4 in Unarmed Combat
   739 | D:3      | Found a deep blue altar of Sif Muna.
   795 | D:5      | Entered Level 5 of the Dungeon
   804 | D:5      | Reached XP level 4. HP: 21/41 MP: 4/4
   916 | D:4      | Noticed an ogre
   938 | D:4      | Killed an ogre
   938 | D:4      | Reached skill level 5 in Unarmed Combat
   938 | D:4      | Reached XP level 5. HP: 4/48 MP: 5/5
  1119 | D:4      | Reached skill level 6 in Unarmed Combat
  1132 | D:5      | Reached XP level 6. HP: 21/55 MP: 6/6
  1216 | D:5      | Found a hazy altar of Hepliaklqana.
  1320 | D:5      | Reached skill level 7 in Unarmed Combat
  1387 | D:6      | Noticed an orc warrior
  1394 | D:6      | Killed an orc warrior
  1394 | D:6      | Reached XP level 7. HP: 30/62 MP: 7/7
  1487 | D:6      | Reached skill level 8 in Unarmed Combat
  1517 | D:6      | Found a radiant altar of Vehumet.
  1531 | D:6      | Reached ** piety under Ashenzari
  1591 | D:6      | Found a sacrificial altar of Ru.
  1631 | D:7      | Noticed Joseph
  1661 | D:7      | Killed Joseph
  1661 | D:7      | Reached skill level 9 in Unarmed Combat
  1663 | D:7      | Reached XP level 8. HP: 7/70 MP: 8/8
  1681 | D:7      | Found a staircase to the Ecumenical Temple.
  1694 | D:7      | Reached skill level 10 in Unarmed Combat
  1702 | D:7      | Noticed Dowan
  1943 | D:7      | Noticed Duvessa
  1954 | D:7      | Killed Duvessa
  1954 | D:7      | Reached skill level 11 in Unarmed Combat
  1965 | D:7      | Killed Dowan
  2048 | D:7      | Learned a level 2 spell: Blink
  2051 | D:7      | Learned a level 2 spell: Repel Missiles
  2054 | D:7      | Learned a level 2 spell: Swiftness
  2124 | D:7      | Reached XP level 9. HP: 76/76 MP: 9/9
  2191 | D:8      | Reached skill level 12 in Unarmed Combat
  2471 | D:9      | Found an opulent altar of Gozag.
  2488 | D:9      | Noticed a troll
  2501 | D:9      | Killed a troll
  2634 | D:10     | Entered Level 10 of the Dungeon
  2690 | D:10     | Reached skill level 13 in Unarmed Combat
  2896 | D:9      | Noticed a troll
  2909 | D:9      | Killed a troll
  2934 | D:9      | Noticed a troll
  2945 | D:9      | Killed a troll
  2945 | D:9      | Reached skill level 14 in Unarmed Combat
  2945 | D:9      | Reached XP level 10. HP: 27/85 MP: 10/10
  2984 | D:9      | Found a sparkling altar of Nemelex Xobeh.
  2998 | D:9      | Found a blossoming altar of Fedhas.
  3001 | D:9      | Found a burning altar of Makhleb.
  3004 | D:9      | Found a shattered altar of Ashenzari.
  3141 | D:10     | Killed an unseen horror
  3358 | D:10     | Reached skill level 15 in Unarmed Combat
  3404 | D:11     | Found a staircase to the Lair.
  3475 | D:11     | Noticed a brown ugly thing
  3492 | D:11     | Killed a brown ugly thing
  3498 | D:11     | Gained mutation: You are weak. (Str -2) [mutagenic meat]
  3501 | D:11     | Gained mutation: Your body sometimes deteriorates upon taking damage. [mutagenic meat]
  3504 | D:11     | Gained mutation: Your movements are slightly less encumbered by armour. (ER -2) [mutagenic meat]
  3516 | D:11     | Noticed Grum
  3571 | D:11     | Noticed a cyclops
  3597 | D:11     | Killed a cyclops
  3624 | D:11     | Killed Grum
  3624 | D:11     | Reached XP level 11. HP: 38/94 MP: 11/11
  3658 | D:11     | Reached *** piety under Ashenzari
  3826 | D:11     | Noticed a hill giant
  3856 | D:11     | HP: 3/96 [hill giant/giant club (17)]
  3981 | D:11     | Killed a hill giant
  4023 | D:11     | Noticed Erica
  4035 | D:12     | Noticed an unseen horror
  4045 | D:12     | Killed an unseen horror
  4045 | D:12     | Reached skill level 16 in Unarmed Combat
  4318 | D:12     | Noticed a hill giant
  4338 | D:12     | Killed a hill giant
  4549 | D:12     | Gained mutation: You are somewhat resistant to further mutation. [potion of mutation]
  4549 | D:12     | Gained mutation: You have a pair of small horns on your head. [potion of mutation]
  4551 | D:13     | Noticed 4thArraOfDagon's ghost (novice TrWr)
  4620 | D:13     | Learned a level 4 spell: Passage of Golubria
  4631 | D:13     | Found a frozen archway.
  4683 | IceCv    | Entered an ice cave
  4683 | IceCv    | Noticed a white ugly thing
  4711 | D:13     | Found a gate to the Vaults.
  4711 | D:13     | Noticed a vault guard
  4711 | D:13     | Noticed a vault guard
  4711 | D:13     | Noticed a vault guard
  4712 | D:13     | Noticed a vault guard
  4712 | D:13     | Noticed a vault guard
  4712 | D:13     | Noticed a vault guard
  4721 | D:13     | Noticed a vault guard
  4919 | D:14     | Found a shattered altar of Ashenzari.
  5018 | D:14     | Reached skill level 1 in Shields
  5024 | D:14     | Noticed a hill giant
  5053 | D:14     | Killed a hill giant
  5211 | D:14     | Reached XP level 12. HP: 22/109 MP: 15/15
  5216 | D:14     | HP: 4/109 [wyvern skeleton (7)]
  5512 | D:15     | Entered Level 15 of the Dungeon
  5565 | D:14     | Noticed a catoblepas
  5574 | D:14     | Killed a catoblepas
  5574 | D:14     | Reached skill level 5 in Dodging
  5584 | D:14     | Reached skill level 5 in Fighting
  5609 | D:14     | Gained mutation: You have a pair of horns on your head. [mutagenic meat]
  5618 | D:14     | Gained mutation: Scrolls take you a little longer to read. [mutagenic meat]
  5748 | D:14     | Killed a vault guard
  5798 | D:14     | Killed a vault guard
  5847 | D:13     | HP: 1/111 [troll (15)]
  5989 | D:13     | Killed a vault guard
  6076 | D:11     | Killed Erica
  6076 | D:11     | Reached skill level 5 in Shields
  6422 | D:10     | Found a staircase to the Orcish Mines.
  6522 | Orc:1    | Entered Level 1 of the Orcish Mines
  6675 | Orc:2    | Entered Level 2 of the Orcish Mines
  6732 | Orc:1    | Reached **** piety under Ashenzari
  6747 | Orc:1    | Noticed Harold
  6753 | Orc:1    | Killed Harold
  6753 | Orc:1    | Reached XP level 13. HP: 120/120 MP: 18/18
  6878 | Orc:2    | Found a staircase to the Elven Halls.
  7884 | Orc:2    | Found Matyp's Weapon Shoppe.
  7884 | Orc:2    | Found Dimamnie's Antique Weapon Boutique.
  7935 | Orc:2    | Found Suerim's Armour Shop.
  7937 | Orc:2    | Found Nasoh's Armour Emporium.
  7951 | Orc:2    | Bought the +2 robe of Vines {NoDeviceHeal Regen+7} for 283 gold pieces
  8122 | Lair:1   | Entered Level 1 of the Lair of Beasts
  8125 | Lair:1   | Identified the amulet of Orchiomai {Inacc rElec rN+}
  8266 | Lair:1   | Learned a level 2 spell: Passwall
  8331 | Lair:3   | Got the flail of Godycs {freeze, *Rage rF+ rN++ Int+2}
  8506 | Lair:3   | Reached skill level 1 in Earth Magic
  8576 | Lair:4   | Found a staircase to the Shoals.
  8600 | Lair:4   | Reached ***** piety under Ashenzari
  8603 | Lair:4   | Reached skill level 1 in Transmutations
  8676 | Lair:4   | Reached skill level 5 in Spellcasting
  8958 | Lair:5   | Identified 2 scrolls of acquirement
  9061 | Lair:5   | Identified the cursed amulet "Rehaib" {Faith rF- rC+ rN+ Str+3} (You acquired it on level 5 of the Lair of Beasts)
  9144 | Lair:5   | Found a viscous altar of Jiyva.
  9145 | Lair:5   | Found a staircase to the Slime Pits.
  9226 | Lair:5   | Reached XP level 14. HP: 79/131 MP: 20/20
  9244 | Lair:5   | Noticed Nessos
  9250 | Lair:6   | Entered Level 6 of the Lair of Beasts
  9329 | Lair:5   | Killed Nessos
  9429 | Lair:5   | Noticed Josephine
  9443 | Lair:5   | Killed Josephine
  9727 | Lair:6   | Reached skill level 5 in Earth Magic
  9783 | Lair:6   | Gained mutation: Your flesh is heat resistant. (rF+) [mutagenic meat]
  9868 | Lair:6   | Found a runed door.
 10495 | Elf:1    | Entered Level 1 of the Elven Halls
 10655 | Elf:2    | hyperhazel: hi
 10670 | Elf:2    | hyperhazel: what are you going to do when you run out of trolls?
 10703 | Elf:2    | 4thArraOfDagon: hi
 10716 | Elf:2    | pedritolo: silly there's always more trolls
 10716 | Elf:2    | pedritolo: mountains of trols
 10716 | Elf:2    | 4thArraOfDagon: ill try to convince devs that we need more trolls!
 10716 | Elf:2    | pedritolo: galaxies of trolls
 10806 | Elf:2    | Reached skill level 5 in Transmutations
 10921 | Elf:3    | Entered Level 3 of the Elven Halls
 11114 | Elf:3    | Found Maseajaet's Gadget Shoppe.
 11138 | Elf:3    | danger
 11212 | Elf:3    | Reached XP level 15. HP: 137/137 MP: 23/23
 11434 | Elf:2    | jacquesderrida: Dagin and mans
 11468 | Elf:2    | jacquesderrida: Eshenzeri
 11471 | Elf:3    | jacquesderrida: Naisss
 11498 | Elf:3    | Found an ancient bone altar of Kikubaaqudgha.
 11643 | Elf:3    | Reached ****** piety under Ashenzari
 11657 | Elf:3    | Bought a wand of teleportation (5/9) for 432 gold pieces
 11657 | Elf:3    | Bought a wand of teleportation (2/9) for 288 gold pieces
 11988 | Elf:3    | Noticed a deep elf sorcerer
 11998 | Elf:3    | Killed a deep elf sorcerer
 12004 | Elf:3    | Cast into level 2 of the Abyss (a deep elf demonologist)
 12027 | Abyss:2  | Noticed an Executioner
 12039 | Abyss:2  | HP: 5/109 [Executioner (25)]
 12039 | Abyss:2  | Slain by an Executioner

Vault maps used:
D:1:      minmay_arrival_widening_spiral_wide, kennysheep_minor_cross
D:2:      ecumenical_altar_2, minmay_tetromino_o2
D:3:      led_sif_book, yredelemnul_forgotten_temple_becter,
          hangedman_abyss_or_decor_stabs, minivault_24
D:4:      first_bread
D:5:      kennysheep_little_box
D:6:      nicolae_ru_the_path_less_chosen, kennysheep_mini,
          nicolae_qazlal_eye_of_the_storm
D:7:      the_bakery, uniq_joseph, uniq_duvessa
D:9:      trog_ov_bears_minmay, lemuel_round_altar, lemuel_round_altar,
          grunt_temple_overflow_cloverleaf, kennysheep_boxes
D:10:     erik_orc_4
D:11:     lair_0_dummy, serial_bayou, serial_bayou_pond_a, serial_bayou_pond_d,
          serial_bayou_ford_a, serial_bayou_pond_b, serial_bayou_lagoon_b,
          uniq_grum, uniq_maurice, uniq_erica, uniq_sonja
D:13:     erik_vaults_2, portal_ice_cave_entry_ice_beasts,
          eino_small_chamber_without_monster, minmay_misc_feat_roman
D:14:     ashenzari_altar_1
D:15:     hangedman_depths_entry_try_elsewhere_first, serial_park_gazebo,
          grunt_ministairs_12, st_stairs_13
Lair:1:   infiniplex_staircase_pool
Lair:2:   nicolae_spider_entry_tight_spaces
Lair:4:   shoals_dummy_entry, grunt_megastairs_5
Lair:5:   slime_altar_1, uniq_nessos, uniq_josephine
Lair:6:   hangedman_lair_tendril_chambers, wormcave, pond
Orc:1:    uniq_harold
Orc:2:    st_orc_rangers
Elf:1:    minmay_elf_sorcery
Elf:2:    lemuel_flamethrower_2
Elf:3:    elf_hall_gauntlet_wide, serial_shops, shop, basic_altar,
          minmay_misc_feat_diagonals, einodemon_crawler_minivault
Abyss:2:  minivault_20, hangedman_abyss_or_decor_lesser_grid
IceCv:    ice_cave_statue_garden_teleport

Skill      XL: |  1  2  3  4  5  6  7  8  9 10 11 12 13 14 15 |
---------------+----------------------------------------------+-----
Unarmed Combat | 3 4 5 6 7 9 11 14 15 16 | 16.4
Fighting       | 2 4 6 |  6.4
Dodging        | 2 4 6 7 8 |  8.5
Spellcasting   | 3 4 5 6 |  6.2
Shields        | 2 5 7 9 |  9.0
Earth Magic    | 3 6 7 |  7.6
Transmutations | 3 5 6 |  6.1
Throwing       | |  0.8
Translocations | |  2.1

Action                   |  1- 3 |  4- 6 |  7- 9 | 10-12 | 13-15 || total
-------------------------+-------+-------+-------+-------+-------++-------
Melee: Unarmed           |    92 |   109 |   264 |   552 |  1125 ||  2142
       Punch             |     1 |     1 |     5 |    20 |       ||    27
       Headbutt          |       |       |       |    34 |   165 ||   199
 Fire: Blowgun           |       |       |     3 |    10 |       ||    13
Throw: Tomahawk          |       |     1 |       |     2 |       ||     3
       Large rock        |       |       |       |     3 |       ||     3
       Throwing net      |       |       |       |       |     2 ||     2
 Cast: Repel Missiles    |       |       |       |     1 |     1 ||     2
Invok: Curse Item        |       |       |       |     1 |     2 ||     3
Evoke: Wand              |       |       |       |     3 |    13 ||    16
  Use: Potion            |       |     1 |     1 |    13 |     4 ||    19
       Scroll            |       |       |       |     9 |    22 ||    31
 Stab: Sleeping          |       |       |       |       |     3 ||     3
       Held in net/web   |       |       |       |       |     1 ||     1
       Paralysed         |       |       |       |       |     5 ||     5
  Eat: Chunk             |    11 |     6 |    16 |    45 |    54 ||   132
Armor: Robe              |    59 |    27 |    69 |    58 |    82 ||   295
       Troll hide        |       |       |       |    32 |    11 ||    43
       Skin              |       |       |       |     2 |    11 ||    13
Dodge: Dodged            |    71 |    44 |   104 |   189 |   477 ||   885
       Deflected         |       |       |       |     2 |     2 ||     4
Block: Shield            |       |       |       |    85 |   460 ||   545
